 Dungeon Crawl Stone Soup version 0.24-a0-479-g9a978d2894 (webtiles) character file.

Game seed: 14043008529009122056

660 pk666 the Magician (level 7, -3/36 HPs)
             Began as a Deep Elf Wizard on July 9, 2019.
             Slain by Duvessa
             ... wielding a +0 short sword
              (15 damage)
             ... on level 3 of the Dungeon.
             The game lasted 00:10:02 (5029 turns).

pk666 the Magician (Deep Elf Wizard)                Turns: 5029, Time: 00:10:02

Health: -3/36      AC:  5    Str:  4    XL:     7   Next: 30%
Magic:  6/18       EV: 13    Int: 25    God:
Gold:   234        SH:  0    Dex: 13    Spells: 9/18 levels left

rFire    + . .     SeeInvis .   c - +0 dagger
rCold    + . .     Gourm    .   (no shield)
rNeg     . . .     Faith    .   u - +1 robe
rPois    .         Spirit   .   b - +0 hat
rElec    .         Reflect  .   r - scarf {rC+ rF+}
rCorr    .         Harm     .   (no gloves)
MR       .....                  p - +1 pair of boots
Stlth    +++.......             (no amulet)
HPRegen  0.12/turn              i - ring of stealth
MPRegen  0.16/turn              m - ring of wizardry

@: very slightly contaminated
A: no striking features
a: no special abilities


You were on level 3 of the Dungeon.
You were not hungry.

You visited 1 branch of the dungeon, and saw 4 of its levels.

You collected 234 gold pieces.

Inventory:

Hand Weapons
 c - a +0 dagger (weapon)
Armour
 b - a +0 hat (worn)
 k - a +1 robe of positive energy
 p - a +1 pair of boots (worn)
 r - a scarf of resistance (worn)
 u - a +1 robe (worn)
Jewellery
 i - a ring of stealth (left hand)
 m - a ring of wizardry (right hand)
Wands
 t - a wand of flame (11)
Scrolls
 e - 2 scrolls of amnesia {unknown}
 f - 5 scrolls of identify
 g - 2 scrolls of remove curse {unknown}
 j - a scroll of magic mapping {unknown}
 l - a scroll of random uselessness {unknown}
 q - a scroll of noise {unknown}
 s - a scroll of fear {unknown}
Potions
 a - a potion of resistance
 h - 2 potions of curing
 o - a potion of might
Comestibles
 d - 5 rations
 n - 5 chunks of flesh


   Skills:
 + Level 3.4 Dodging
 - Level 2.4 Stealth
 + Level 6.3 Spellcasting
 + Level 4.0 Conjurations
   Level 1.1 Summonings
 - Level 3.2 Translocations
 + Level 3.0 Fire Magic
 - Level 2.1 Air Magic
 - Level 3.1 Poison Magic


You had 9 spell levels left.
You knew the following spells:

 Your Spells              Type           Power        Failure   Level  Hunger
a - Magic Dart            Conj           ####         1%          1    None
b - Blink                 Tloc           N/A          1%          2    None
c - Conjure Flame         Conj/Fire      ####....     1%          3    None
d - Mephitic Cloud        Conj/Pois/Air  ###.....     2%          3    None

Your spell library contained the following spells:

 Spells                   Type           Power        Failure   Level  Hunger
 Call Imp                 Summ           ##......     2%          2    None
 Slow                     Hex            #.......     4%          2    None


Dungeon Overview and Level Annotations

Branches:
Dungeon (4/15)
 Temple: D:4-7

Altars:
Qazlal

Annotations:
D:2 Sigmund, Terence
D:3 Duvessa
D:4 Natasha


Message History

Duvessa is engulfed in blazing flames.
Duvessa hits you with a +0 short sword.
Casting: Magic Dart (safe; 1% risk of failure)
Confirm with . or Enter, or press ? or * to list all spells.
Aiming: Magic Dart (safe; 1% risk of failure)
Press: ? - help, Shift-Dir - straight line, f/p - Duvessa
Aim: Duvessa, wielding a +0 short sword and wearing a +0 chain mail (flame, heavily wounded, berserk, fast, unusually strong)
You miscast Magic Dart.
You are very lightly contaminated with residual magic.
Nothing appears to happen.
Duvessa is engulfed in blazing flames.
Duvessa hits you with a +0 short sword!
Duvessa is engulfed in blazing flames.
Duvessa hits you with a +0 short sword!
Casting: Magic Dart (safe; 1% risk of failure)
Confirm with . or Enter, or press ? or * to list all spells.
Aiming: Magic Dart (safe; 1% risk of failure)
Press: ? - help, Shift-Dir - straight line, f/p - Duvessa
Aim: Duvessa, wielding a +0 short sword and wearing a +0 chain mail (flame, severely wounded, berserk, fast, unusually strong)
The magic dart hits Duvessa but does no damage.
Duvessa is severely wounded.
Duvessa is engulfed in blazing flames.
Duvessa hits you with a +0 short sword!
You die...

####### #.....#
#.###.###### #.#
#.)....# #.###.####.#
###.....# #.# .....)###
##.###########
.##########....e@......#
.# #..........######.#
.# #.###..###.# #.# .#
#.# #.ยง# #.# #.#
.#####.###..# #.# #.#
............# #.# #.#
...#######.## #.# #.#
##.# #.# #.# #.# ##.#
#.# #.# #.#


You could see Duvessa (berserk).

Vanquished Creatures
  Menkaure (D:4)
  An ogre (D:4)
  Dowan (D:4)
  A scorpion (D:4)
  Crazy Yiuf (D:3)
  A hound (D:4)
  2 orc wizards (D:3)
  Jessica (D:2)
  Natasha (D:4)
  3 gnolls (D:3)
  A howler monkey skeleton (D:4)
  3 adders
  2 oozes
  3 worms
  2 leopard geckos
  14 orcs
  2 ball pythons (D:1)
  2 giant cockroaches
  7 goblins
  5 hobgoblins
  19 jackals
  10 kobolds
  2 quokkas
  7 bats
  5 frilled lizards
  A leopard gecko skeleton (D:4)
  7 rats
105 creatures vanquished.

Notes
Turn   | Place    | Note
-------+----------+-------------------------------------------
     0 | D:1      | pk666 the Deep Elf Wizard began the quest for the Orb.
     0 | D:1      | Reached XP level 1. HP: 10/10 MP: 7/7
   326 | D:1      | Reached XP level 2. HP: 15/15 MP: 6/9
  1061 | D:2      | Reached XP level 3. HP: 19/19 MP: 9/11
  1065 | D:2      | Learned a level 2 spell: Blink
  1069 | D:2      | Learned a level 3 spell: Conjure Flame
  1073 | D:2      | Learned a level 3 spell: Mephitic Cloud
  1078 | D:2      | Noticed Terence
  1101 | D:2      | Reached skill level 5 in Spellcasting
  1140 | D:2      | Noticed Jessica
  1142 | D:2      | Killed Jessica
  1486 | D:2      | Reached XP level 4. HP: 24/24 MP: 10/13
  1507 | D:2      | Noticed Sigmund
  1748 | D:3      | Reached skill level 1 in Fire Magic
  1748 | D:3      | Reached skill level 1 in Air Magic
  1748 | D:3      | Reached skill level 1 in Poison Magic
  2350 | D:3      | Reached XP level 5. HP: 28/28 MP: 6/14
  2742 | D:3      | Found a faded altar of an unknown god.
  3129 | D:3      | Found a runed translucent door.
  3130 | D:3      | Noticed Crazy Yiuf
  3418 | D:3      | Killed Crazy Yiuf
  3533 | D:4      | Noticed an ogre
  3539 | D:4      | Killed an ogre
  3539 | D:4      | Reached XP level 6. HP: 32/32 MP: 9/16
  3763 | D:4      | Found a stormy altar of Qazlal.
  3765 | D:4      | Noticed a fire elemental
  3765 | D:4      | Noticed an air elemental
  3766 | D:4      | Noticed a water elemental
  4031 | D:4      | Noticed Natasha
  4039 | D:4      | Killed Natasha
  4127 | D:4      | Noticed Natasha
  4188 | D:4      | Noticed Menkaure
  4209 | D:4      | Killed Menkaure
  4209 | D:4      | Reached skill level 6 in Spellcasting
  4209 | D:4      | Reached XP level 7. HP: 36/36 MP: 8/18
  4798 | D:4      | Noticed Dowan
  4815 | D:4      | Killed Dowan
  5007 | D:4      | Noticed Duvessa
  5029 | D:3      | Slain by Duvessa

Levels and vault maps discovered:
D:1:      minmay_arrival_solitary_statue, layout_loops_cross
D:2:      layout_basic, uniq_jessica, uniq_terence, uniq_sigmund
D:3:      layout_loops_ring, chequers_ecumenical_altar_lobes,
          uniq_crazy_yiuf_cottage
D:4:      layout_cave_pods, first_ration, kennysheep_nondescript,
          nicolae_qazlal_style_of_elements, uniq_menkaure, uniq_natasha,
          uniq_duvessa

Skill      XL: |  1  2  3  4  5  6  7 |
---------------+----------------------+-----
Dodging        | 3 |  3.4
Conjurations   | 2 3 4 |  4.0
Spellcasting   | 5 6 |  6.3
Fire Magic     | 1 2 3 |  3.0
Air Magic      | 1 2 |  2.1
Poison Magic   | 1 2 3 |  3.1
Translocations | 2 3 |  3.2
Stealth        | |  2.4
Summonings     | |  1.1

Action                   |  1- 3 |  4- 6 |  7- 9 || total
-------------------------+-------+-------+-------++-------
Melee: Dagger            |     2 |     1 |       ||     3
 Cast: Magic Dart        |    76 |   177 |    54 ||   307
       Mephitic Cloud    |       |     6 |     1 ||     7
       Conjure Flame     |       |     6 |     6 ||    12
       Blink             |       |       |     3 ||     3
  Use: Scroll            |       |     3 |       ||     3
  Eat: Chunk             |       |    10 |     2 ||    12
Armor: Robe              |       |     4 |     6 ||    10
Dodge: Dodged            |    16 |    19 |    10 ||    45

Table legend:
 A = Non-vault XP
 B = Vault XP
 C = Vault XP percentage of total XP
 D = Non-vault monster count
 E = Vault monster count
 F = Vault count percentage of total count
                 A         B        C        D         E       F
            +---------+---------+-------+---------+---------+-------
      Total |     586 |     357 |  37.9 |     100 |       5 |   4.8
            +---------+---------+-------+---------+---------+-------
        D:1 |      40 |       0 |   0.0 |      20 |       0 |   0.0
        D:2 |      44 |      37 |  45.7 |      18 |       1 |   5.3
        D:3 |     205 |      41 |  16.7 |      36 |       1 |   2.7
        D:4 |     297 |     279 |  48.4 |      26 |       3 |  10.3
            +---------+---------+-------+---------+---------+-------
